 Dungeon Crawl Stone Soup version 0.23.1-37-gaa34b87b72 (webtiles) character file.

Game seed: 184130923657721137

774 PentaManta the Nimble (level 7, -1/84 HPs)
             Began as a Merfolk Berserker on Mar 26, 2019.
             Was a Believer of Trog.
             Killed from afar by an orc wizard (9 damage)
             ... with a magic dart
             ... on level 3 of the Dungeon.
             The game lasted 00:02:38 (2469 turns).

PentaManta the Nimble (Merfolk Berserker)           Turns: 2469, Time: 00:02:38

Health: -1/84      AC:  5    Str: 23    XL:     7   Next: 84%
Magic:  7/7        EV: 17    Int:  6    God:    Trog [**....]
Gold:   135        SH:  0    Dex: 15    Spells: 6/6 levels left

rFire    . . .     SeeInvis .   a - +0 spear
rCold    . . .     Gourm    .   (no shield)
rNeg     . . .     Faith    .   b - +0 animal skin
rPois    .         Spirit   .   (no helmet)
rElec    .         Reflect  .   (no cloak)
rCorr    .         Harm     .   (no gloves)
MR       .....                  e - +2 pair of boots
Stlth    ..........             (no amulet)
HPRegen  0.24/turn              (no ring)
MPRegen  0.10/turn              (no ring)

@: berserking, slowed
A: change form in water, swift swim, stealthy swim
a: Berserk, Trog's Hand, Renounce Religion


You were on level 3 of the Dungeon.
You worshipped Trog.
Trog was pleased with you.
You were near starving.

You visited 1 branch of the dungeon, and saw 3 of its levels.

You collected 135 gold pieces.

Inventory:

Hand Weapons
 a - a +0 spear (weapon)
Missiles
 f - 50 stones (quivered)
Armour
 b - a +0 animal skin (worn)
 e - a +2 pair of boots (worn)
Scrolls
 g - 2 scrolls of teleportation {unknown}
 i - 2 scrolls of amnesia {unknown}
 k - 4 scrolls of identify {unknown}
 l - a scroll of fog {unknown}
 m - a scroll of remove curse {unknown}
Potions
 d - 2 potions of mutation {unknown}
 h - a potion of degeneration {unknown}
 j - a potion of berserk rage {unknown}
 n - a potion of heal wounds {unknown}
 o - 2 potions of flight {unknown}
 p - a potion of might {unknown}
Comestibles
 c - 5 rations


   Skills:
 + Level 5.6 Fighting
 + Level 7.4 Polearms
 - Level 1.3 Armour
 * Level 8.3 Dodging


You had 6 spell levels left.
You didn't know any spells.
Your spell library was empty.

Dungeon Overview and Level Annotations

Branches:
Dungeon (3/15)

Altars:
Trog


Message History

Trog accepts your kill.
Your Fighting skill increases to level 5!
Your Polearms skill gained 2 levels and is now at level 7!
Your Dodging skill gained 3 levels and is now at level 8!
You have reached level 6!
Your experience leads to an increase in your attributes!
Your base attributes are Str 18, Int 6, Dex 14.
Increase (S)trength, (I)ntelligence, or (D)exterity?
You feel agile.
You have reached level 7!
The orc wizard closely misses you.
The orc priest hits you but does no damage.
You miss the kobold. The kobold hits you but does no damage.
The orc wizard misses you. The orc priest barely misses you.
You hit the kobold.
You kill the kobold!
Trog accepts your kill.
The orc wizard points at you and mumbles some strange words.
The magic dart hits you!
You die...

###.#. # .....
.
########...#.#
...)...#...#.#
.......#.....
..
...o...#.#.#
#.#.
...ooO.o...#
#.#.
.......#)###
#.#.
.......#@#
#.#.
.......#o#
#.#.
.......#.#
#.#.
.......#.#
####...
.......#.#
#......
.......#.#
#.####. #.#
#.# #. #.# #.#
#. #.# #.# #.


You could see an orc priest and an orc wizard.

Vanquished Creatures
  A two-headed ogre (D:3)
  A hound (D:2)
  3 gnolls (D:2)
  5 adders (D:2)
  An ooze (D:3)
  A dart slug (D:2)
  3 leopard geckos
  2 giant cockroaches
  4 goblins
  5 hobgoblins
  5 jackals (D:1)
  2 bats
  2 frilled lizards
  4 kobolds
  3 rats
42 creatures vanquished.

Notes
Turn   | Place    | Note
-------+----------+-------------------------------------------
     0 | D:1      | PentaManta the Merfolk Berserker began the quest for the
                  | Orb.
     0 | D:1      | Reached XP level 1. HP: 18/18 MP: 1/1
   212 | D:1      | Reached skill level 3 in Dodging
   287 | D:1      | Reached XP level 2. HP: 13/24 MP: 2/2
   699 | D:1      | HP: 1/24 [poisoned by a goblin]
  1394 | D:1      | Reached XP level 3. HP: 27/29 MP: 3/3
  1519 | D:2      | Reached skill level 4 in Dodging
  1555 | D:2      | Reached skill level 5 in Polearms
  1568 | D:2      | Found a bloodstained altar of Trog.
  1614 | D:2      | Reached XP level 4. HP: 30/37 MP: 4/4
  1628 | D:2      | Reached ** piety under Trog
  1722 | D:2      | Reached skill level 5 in Dodging
  2107 | D:2      | Reached XP level 5. HP: 40/42 MP: 5/5
  2451 | D:3      | Noticed a two-headed ogre
  2467 | D:3      | Killed a two-headed ogre
  2467 | D:3      | Reached skill level 5 in Fighting
  2467 | D:3      | Reached skill level 8 in Dodging
  2467 | D:3      | Reached XP level 6. HP: 7/51 MP: 6/6
  2467 | D:3      | Reached XP level 7. HP: 8/56 MP: 7/7
  2469 | D:3      | Killed from afar by an orc wizard

Skill      XL: |  1  2  3  4  5 |
---------------+----------------+-----
Dodging        | 3 4 5 8 |  8.3
Polearms       | 5 7 |  7.4
Fighting       | 4 5 |  5.6
Armour         | |  1.3

Action                   |  1- 3 |  4- 6 |  7- 9 || total
-------------------------+-------+-------+-------++-------
Melee: Spear             |    98 |    66 |     2 ||   166
Invok: Berserk           |       |     2 |       ||     2
 Stab: Sleeping          |     1 |       |       ||     1
  Eat: Chunk             |     2 |     3 |       ||     5
Armor: Animal skin       |    22 |     7 |       ||    29
Dodge: Dodged            |    43 |    45 |     3 ||    91
